 Dungeon Crawl Stone Soup version 0.30-b1-2-g02819fbbbe (webtiles) character file.

Game seed: 5561829352919143558

16 Alarkh the Vexing (level 2, 21/21 HPs)
             Began as a Demonspawn Hexslinger on July 7, 2023.
             Got out of the dungeon alive.
             The game lasted 00:00:29 (354 turns).

Alarkh the Vexing (Demonspawn Hexslinger)            Turns: 354, Time: 00:00:30

Health: 21/21      AC:  2    Str: 10    XL:     2   Next: 37%
Magic:  3/3        EV: 12    Int: 14    God:
Gold:   7          SH:  0    Dex: 13    Spells: 2/3 levels left

rFire   . . .        a - +1 sling
rCold   . . .        (no shield)
rNeg    . . .        c - +0 robe
rPois   .            (no helmet)
rElec   .            (no cloak)
rCorr   .            (no gloves)
SInv    .            (no boots)
Will    .....        (no amulet)
Stlth   +            (no ring)
HPRegen 0.23/turn    (no ring)
MPRegen 0.16/turn

%: no passive effects
@: no status effects
A: magic regeneration
a: no special abilities


You escaped.
You visited 1 branch of the dungeon, and saw 1 of its levels.

You collected 7 gold pieces.

Inventory:

Hand Weapons
 a - a +1 sling (weapon)
Armour
 c - a +0 robe (worn)
Scrolls
 e - a scroll of fog {unknown}
Potions
 b - 2 potions of mutation {unknown}
 d - a potion of lignification {unknown}


   Skills:
 - Level 1.0 Fighting
 + Level 2.8 Ranged Weapons
 - Level 1.7 Dodging
 - Level 1.0 Spellcasting
 - Level 3.0 Hexes


You had 2 spell levels left.
You knew the following spells:

 Your Spells              Type           Power      Damage    Failure   Level
a - Slow                  Hex            36%        N/A       8%          1

Your spell library contained the following spells:

 Spells                   Type           Power      Damage    Failure   Level
 Inner Flame              Hex/Fire       4%         N/A       38%         3
 Portal Projectile        Hex/Tloc       8%         N/A       38%         3
 Cause Fear               Hex            4%         N/A       58%         4


Dungeon Overview and Level Annotations

Branches:
Dungeon (1/15)

Altars:


Innate Abilities, Weirdness & Mutations

You regenerate magic rapidly.


Message History

The goblin is severely wounded.
You shoot a sling bullet.
The sling bullet closely misses the goblin.
You shoot a sling bullet. The sling bullet misses the goblin.
You shoot a sling bullet.
The sling bullet closely misses the goblin.
You shoot a sling bullet.
The sling bullet closely misses the goblin.
You shoot a sling bullet.
The sling bullet closely misses the goblin.
You shoot a sling bullet.
The sling bullet closely misses the goblin.
You shoot a sling bullet. The sling bullet hits the goblin!
You kill the goblin!
No target in view!
You see here a +0 club.
Found a whip.
You see here a hobgoblin corpse.
b - 2 fizzy silvery potions You see here a +0 whip.
A dart slug comes into view.
A dart slug is nearby!
You shoot a sling bullet. The sling bullet hits the dart slug!
The dart slug is almost dead.
The dart slug launches a dart at you. The slug dart misses you.
You shoot a sling bullet. The sling bullet hits the dart slug.
You kill the dart slug!
No target in view!
There is an open door here.
There is an open door here.
You see here a jackal corpse.
There is an open door here.
There is an open door here.
Things that are here:
a +0 short sword; 3 stones
There is a large open door here.
There is a staircase leading out of the dungeon here.
Are you sure you want to leave the Dungeon?
This will make you lose the game!
You have escaped! ################## #.# ##### P.PPP≈P~PPPP~PP≈P#

##.#####.... .P~P~~≈~PPP~~~~~≈#
#........### ≈~P≈≈≈~~≈~~≈≈≈≈≈≈#
#..#####.##) ≈≈~≈≈≈≈≈≈≈≈≈≈≈≈≈~#
#..## #..).
~≈≈≈~~~≈≈≈≈~≈~≈.~#####...####...#
.~≈~..~≈~~~..≈..~#.........##..##
#.~.##.~.~.#~.P#.#####......#.##.
##.####.P.######@# #........#)#
### ######## ### ##.#...#.### #.#
#......# #.#####.... ##.#
######.# ##'## ##### .#.# #.##
##...## #..## #..# ##.....##
#...# ##.## ##.......#
....########...####.........#
..................'.........+


There were no monsters in sight!

Vanquished Creatures
  A dart slug (D:1)
  A ball python (D:1)
  2 endoplasms (D:1)
  2 goblins (D:1)
  A hobgoblin (D:1)
  2 jackals (D:1)
  A frilled lizard (D:1)
  2 kobolds (D:1)
12 creatures vanquished.

Notes
Turn   | Place    | Note
-------+----------+-------------------------------------------
     0 | D:1      | Alarkh the Demonspawn Hexslinger began the quest for the
                  | Orb.
     0 | D:1      | Reached XP level 1. HP: 15/15 MP: 2/2
   214 | D:1      | Gained mutation: You regenerate magic rapidly. [demonic
                  | ancestry]
   214 | D:1      | Reached XP level 2. HP: 21/21 MP: 3/3
   354 | D:$      | Got out of the dungeon alive.

Illustrated notes

Levels and vault maps discovered:
D:1:      lightli_arrival_windingriver, layout_loops_corners, minmay_cupped

Skill      XL: |  1 |
---------------+----+-----
Ranged Weapons | 2 |  2.8
Fighting       | |  1.0
Dodging        | |  1.7
Spellcasting   | |  1.0
Hexes          | |  3.0

Action                     || total
---------------------------++-------
   Fire: Sling             ||    49
    Use: Scroll            ||     1
 Armour: Robe              ||     5
  Dodge: Dodged            ||    19
